 Dungeon Crawl Stone Soup version 0.20.0-15-g7f486f2 (webtiles) character file.

202 anfisbena the Slasher (level 5, -5/61 HPs)
             Began as a Demonspawn Abyssal Knight on June 26, 2017.
             Was a Believer of Lugonu.
             Slain by a killer bee (6 damage)
             ... on level 3 of the Dungeon.
             The game lasted 00:03:05 (2770 turns).

anfisbena the Slasher (Demonspawn Abyssal Knight)   Turns: 2770, Time: 00:03:06

Health: -5/61      AC: 22    Str: 14    XL:     5   Next: 50%
Magic:  6/7        EV:  2    Int: 13    God:    Lugonu [**....]
Gold:   54         SH:  0    Dex: 19    Spells: 4/4 levels left

rFire    . . .     SeeInvis .   b - +2 dagger (elec)
rCold    . . .     Gourm    .   (no shield)
rNeg     + + +     Faith    .   (armour currently unavailable)
rPois    +         Spirit   .   (helmet currently unavailable)
rElec    .         Reflect  .   (cloak currently unavailable)
rCorr    .         Harm     .   (gloves currently unavailable)
MR       .....     NoTele   +   (boots currently unavailable)
Stlth    ++++++....             (no amulet)
Regen    0.2/turn               (no ring)
MPRegen  0.1/turn               (no ring)

@: agile, lethally poisoned (-5 -> -10), tree-form, invisible
A: high mp 1, mutation resistance 1, nightstalker 2, powered by pain 1, strong 1
a: Depart the Abyss, Bend Space, Renounce Religion


You were on level 3 of the Dungeon.
You worshipped Lugonu.
Lugonu was pleased with you.
You were not hungry.
You were a tree.
You visited 1 branch of the dungeon, and saw 3 of its levels.
You visited the Abyss 1 time.

You collected 54 gold pieces.

Inventory:

Hand Weapons
 a - a +1 falchion
 b - a +2 dagger of electrocution (weapon)
Armour
 l - a +0 leather armour (melded)
 n - a +1 pair of boots (melded)
Scrolls
 e - a scroll of recharging
 f - 6 scrolls of teleportation
 h - a scroll of identify {unknown}
 o - 2 scrolls of fear {unknown}
Potions
 j - 2 potions of agility
 p - a potion of curing {unknown}
Comestibles
 c - 3 bread rations
 d - a royal jelly
 m - 7 chunks of flesh


   Skills:
 + Level 3.0 Fighting
 - Level 4.0 Long Blades
 - Level 1.7 Armour
 * Level 0.8 Dodging
 + Level 3.4 Stealth
 - Level 2.4 Invocations


You had 4 spell levels left.
You didn't know any spells.

Dungeon Overview and Level Annotations

Branches:
Dungeon (3/15)

Altars:


Innate Abilities, Weirdness & Mutations

You are significantly more attuned to the shadows.
You sometimes gain a little power by taking damage.
You have an increased reservoir of magic. (+10% MP)
You are somewhat resistant to further mutation.
Your muscles are strong. (Str +2)


Message History

You feel sick. The killer bee completely misses you.
The killer bee stings you but does no damage.
It was a potion of mutation.
You feel extremely strange.
You feel genetically stable.
You feel more energetic.
You feel stronger.
* * * LOW HITPOINT WARNING * * *
You feel sick. The killer bee closely misses you. x2
It was a potion of lignification.
You turn into a tree.
Your +1 pair of boots melds into your body.
Your +0 leather armour melds into your body.
Your roots penetrate the ground.
* * * LOW HITPOINT WARNING * * *
You feel sick.
The killer bee stings you but does no damage. x2
It was a potion of invisibility.
You fade into invisibility!
* * * LOW HITPOINT WARNING * * *
You feel sick.
The killer bee stings you but does no damage.
The killer bee stings you.
You die...

.# ..# . .. #.# #.
#.#.# #.#
#.##.#.#####.########
........##..........#
8..........#.######.#
.8......####.# #.#
_.8....#####.# #.#
.8...#Sy♣....# #)#
8..b.#.####### #.#
.....#+# ###.# ##...
#...# #.#. ##.###
##..# ..... ...
####...####### .....
.... +.............
#.....# ....
####.....#####


You could see a killer bee and a ball python.

Vanquished Creatures
  A killer bee (D:2)
  Natasha (thrice) (D:2)
  An adder (D:3)
  4 worms
  5 dart slugs
  A leopard gecko (D:2)
  2 orcs (D:3)
  9 goblins
  6 hobgoblins
  3 jackals (D:3)
  3 kobolds (D:2)
  A ball python (D:1)
  6 bats
  2 frilled lizards
  5 rats
52 creatures vanquished.

Notes
Turn   | Place    | Note
-------+----------+-------------------------------------------
     0 | Abyss:1  | anfisbena the Demonspawn Abyssal Knight began the quest for the Orb.
     0 | Abyss:1  | Reached XP level 1. HP: 18/18 MP: 2/2
    41 | Abyss:1  | Noticed a small abomination
    48 | D:1      | Escaped the Abyss
   113 | D:1      | Reached skill level 2 in Long Blades
   398 | D:1      | Gained mutation: You are slightly more attuned to the shadows. [demonic ancestry]
   398 | D:1      | Reached XP level 2. HP: 21/24 MP: 3/3
  1253 | D:2      | Reached ** piety under Lugonu
  1254 | D:2      | Reached skill level 1 in Stealth
  1254 | D:2      | Reached XP level 3. HP: 26/29 MP: 4/4
  1375 | D:2      | Reached skill level 3 in Long Blades
  1773 | D:2      | Noticed Natasha
  1778 | D:2      | Killed Natasha
  1778 | D:2      | Gained mutation: You are significantly more attuned to the shadows. [demonic ancestry]
  1778 | D:2      | Reached XP level 4. HP: 35/35 MP: 5/5
  1797 | D:2      | Noticed Natasha
  1810 | D:2      | Killed Natasha
  1995 | D:2      | Noticed Natasha
  2004 | D:2      | Killed Natasha
  2119 | D:3      | Gained mutation: You sometimes gain a little power by taking damage. [demonic ancestry]
  2119 | D:3      | Reached XP level 5. HP: 41/41 MP: 6/6
  2147 | D:2      | Reached skill level 4 in Long Blades
  2756 | D:3      | Found a faded altar of an unknown god.
  2768 | D:3      | Gained mutation: You are somewhat resistant to further mutation. [potion of mutation]
  2768 | D:3      | Gained mutation: You have an increased reservoir of magic. (+10% MP) [potion of mutation]
  2768 | D:3      | Gained mutation: Your muscles are strong. (Str +2) [potion of mutation]
  2768 | D:3      | HP: 2/41 [poisoned by a killer bee]
  2770 | D:3      | Slain by a killer bee

Skill      XL: |  1  2  3  4  5 |
---------------+----------------+-----
Long Blades    | 2 3 4 |  4.0
Stealth        | 1 2 3 |  3.4
Fighting       | |  3.0
Armour         | |  1.7
Dodging        | |  0.8
Invocations    | |  2.4

Action                   |  1- 3 |  4- 6 || total
-------------------------+-------+-------++-------
Melee: Falchion          |    43 |       ||    43
       Dagger            |    44 |    65 ||   109
  Use: Scroll            |     4 |       ||     4
       Potion            |       |     4 ||     4
 Stab: Sleeping          |     7 |     7 ||    14
       Distracted        |     2 |       ||     2
  Eat: Chunk             |     3 |     3 ||     6
Armor: Leather armour    |    19 |    28 ||    47
       Skin              |       |     3 ||     3
Dodge: Dodged            |    46 |    62 ||   108
       Rpst.: Falchion   |     9 |       ||     9
